 Dungeon Crawl Stone Soup version 0.28-a0-309-gf6d37e6e1d (webtiles) character file.

Game seed: 16601250967871980225

85 AarnesTheHuman the Chiller (level 4, -3/34 HPs)
             Began as a Barachi Ice Elementalist on Aug 30, 2021.
             Slain by a gnoll (8 damage)
             ... on level 2 of the Dungeon.
             The game lasted 00:06:34 (2561 turns).

AarnesTheHuman the Chiller (BaIE)                   Turns: 2561, Time: 00:06:35

Health: -3/34      AC:  3    Str: 10    XL:     4   Next: 48%
Magic:  8/8        EV: 12    Int: 15    God:
Gold:   86         SH:  0    Dex: 13    Spells: 8/9 levels left

rFire   . . .      SeeInvis .   d - +0 dagger
rCold   . . .      Faith    .   (no shield)
rNeg    . . .      Spirit   .   a - +0 robe
rPois   .          Reflect  .   f - +0 helmet
rElec   .          Harm     .   (no cloak)
rCorr   .          Rampage  .   (no gloves)
Will    .....                   (no boots)
Stlth   ++........              p - amulet of magic regeneration
HPRegen 0.11/turn               (no ring)
MPRegen 0.36/turn               (no ring)

@: unable to hop, slow
A: amphibious, slowness 1, strong legs 1, +LOS
a: Hop


You were on level 2 of the Dungeon.
You visited 1 branch of the dungeon, and saw 3 of its levels.

You collected 86 gold pieces.

Inventory:

Hand Weapons
 c - a +0 club
 d - a +0 dagger (weapon)
Missiles
 i - 6 boomerangs
 j - 7 poisoned darts (quivered)
Armour
 a - a +0 robe (worn)
 f - a +0 helmet (worn)
Jewellery
 p - an amulet of magic regeneration (around neck)
Scrolls
 g - a scroll of vulnerability {unknown}
 h - a scroll of blinking {unknown}
 k - a scroll of noise {unknown}
 m - a scroll of identify {unknown}
 o - a scroll of torment {unknown}
Potions
 b - a potion of mutation {unknown}
 e - a potion of degeneration {unknown}
 l - 2 potions of heal wounds {unknown}
 n - a potion of brilliance {unknown}


   Skills:
 + Level 2.3 Fighting
 + Level 1.3 Armour
 - Level 2.1 Dodging
 - Level 1.7 Stealth
 + Level 3.1 Spellcasting
 + Level 5.5 Ice Magic


You had 8 spell levels left.
You knew the following spells:

 Your Spells              Type           Power      Damage    Failure   Level
a - Freeze                Ice            72%        1d9       1%          1

Your spell library contained the following spells:

 Spells                   Type           Power      Damage    Failure   Level
 Frozen Ramparts          Ice            36%        1d5       6%          3
 Ozocubu's Armour         Ice            18%        N/A       6%          3
 Animate Skeleton         Necr           4%         N/A       21%         1
 Pain                     Necr           8%         1d4       21%         1
 Vampiric Draining        Necr           1%         2d6       52%         3
 Hailstorm                Conj/Ice       10%        3d5       54%         4


Dungeon Overview and Level Annotations

Branches:
Dungeon (3/15)

Altars:

Annotations:
D:2 1 runed translucent door, exclusion: door, Crazy Yiuf


Innate Abilities, Weirdness & Mutations

You are amphibious.
You cover ground slowly.
You can hop short distances.
You have an extended range of vision and can be seen from far away.


Message History

The gnoll is severely wounded.
A gnoll comes into view. It is wielding a +0 flail.
The gnoll hits you with a +0 club.
The gnoll shouts!
The gnoll barely misses you.
You climb upwards.
Level annotation: 1 runed translucent door, exclusion: door, Crazy Yiuf
There is a stone staircase leading down here.
Casting: Freeze (safe; 1% risk of failure)
Confirm with . or Enter, or press ? or * to list all spells.
Aiming: Freeze (safe; 1% risk of failure)
Press: ? - help, Shift-Dir - straight line, f - gnoll
Aim: a gnoll, wielding a +0 club (severely wounded, very poisoned)
You freeze the gnoll!
You kill the gnoll!
You start resting.
Magic restored.
You start resting.
HP restored.
You climb downwards.
The gnoll hits you with a +0 flail! The gnoll hits you with a +0 club.
The gnoll hits you with a +0 flail!
There is a stone staircase leading up, spattered with blood here.
The gnoll hits you with a +0 club!
* * * LOW HITPOINT WARNING * * *
The gnoll misses you.
You climb upwards.
Level annotation: 1 runed translucent door, exclusion: door, Crazy Yiuf
There is a stone staircase leading down here.
Hop to where?
Press: ? - help, Dir - move target Boing!
The gnoll barely misses you.
There is a stone staircase leading up here.
The gnoll misses you.
There is a stone staircase leading up here.
The gnoll barely misses you. The gnoll misses you.
The gnoll hits you with a +0 flail!
* * * LOW HITPOINT WARNING * * *
Okay, then.
The gnoll hits you with a +0 flail!
You die...

....####...............# #+#
###..###...............# ... #
##.##...)>.....#.....# #...# #
#.............#.....# #..)# #
###..........<#.....# ##### #
##................#
#######................##########
.................................
######....##..##@##..............
# ##..####.....gg.#........####
#####..........#.####g##.....#
...........##.##.# ##.##.....#
.........####.##.###..##.....#
.###.....####>##.....###.....#
##.#.............##### #######
#.##.............##
.##..#####........#


You could see 2 gnolls.

Vanquished Creatures
  2 gnolls
  An adder (D:2)
  2 worms
  8 ball pythons
  5 endoplasms
  2 giant cockroaches
  5 goblins
  2 hobgoblins
  4 jackals (D:1)
  2 quokkas (D:1)
  4 bats (D:1)
  3 frilled lizards
  5 kobolds
  5 rats
50 creatures vanquished.

Notes
Turn   | Place    | Note
-------+----------+-------------------------------------------
     0 | D:1      | AarnesTheHuman the Barachi Ice Elementalist began the quest
                  | for the Orb.
     0 | D:1      | Reached XP level 1. HP: 13/13 MP: 3/3
   113 | D:1      | Reached skill level 1 in Fighting
   113 | D:1      | Reached skill level 5 in Ice Magic
   113 | D:1      | Reached XP level 2. HP: 21/21 MP: 0/5
   480 | D:1      | Reached XP level 3. HP: 21/26 MP: 2/7
   864 | D:1      | Found a faded altar of an unknown god.
  1892 | D:2      | Reached skill level 1 in Armour
  1892 | D:2      | Reached XP level 4. HP: 28/33 MP: 4/8
  2421 | D:2      | Found a runed translucent door.
  2422 | D:2      | Noticed Crazy Yiuf
  2561 | D:2      | Slain by a gnoll

Illustrated notes

Levels and vault maps discovered:
D:1:      lightli_arrival_lavapool, layout_loops_ring,
          dilly_ecumenical_altar_fadedgnrine
D:2:      layout_rooms, minmay_bisected, uniq_crazy_yiuf_cottage
D:3:      layout_rooms, mainiacjoe_overflow_swirl, kennysheep_potato, uniq_ijyb

Skill      XL: |  1  2  3 |
---------------+----------+-----
Fighting       | 1 2 |  2.3
Ice Magic      | 5 |  5.5
Spellcasting   | 3 |  3.1
Armour         | 1 |  1.3
Dodging        | |  2.1
Stealth        | |  1.7

Action                   |  1- 3 |  4- 6 || total
-------------------------+-------+-------++-------
Melee: Unarmed           |     5 |       ||     5
       Dagger            |    69 |    16 ||    85
       Club              |     3 |       ||     3
Throw: Dart              |       |     5 ||     5
 Cast: Freeze            |    48 |    14 ||    62
 Abil: Hop               |       |     1 ||     1
 Stab: Sleeping          |     4 |     3 ||     7
Armor: Robe              |    35 |     5 ||    40
Dodge: Dodged            |    83 |    20 ||   103

Table legend: (Time is in decaauts)
 A = Elapsed time spent in this place.
 B = Non-inter-level travel time spent in this place.
 C = Inter-level travel time spent in this place.
 D = Time resting spent in this place.
 E = Time spent auto-exploring this place.
 F = Levels seen in this place.
 G = Mean time per level.
                   A        B        C        D        E       F      G
               +--------+--------+--------+--------+--------+-----+--------+
         Total |   2794 |   2702 |     92 |    657 |   1458 |   3 |  931.3 |
       Dungeon |   2794 |   2702 |     92 |    657 |   1458 |   3 |  931.3 |
               +--------+--------+--------+--------+--------+-----+--------+

Top non-repeatable levels by time:
     D:1: 1671 daAuts
     D:2: 1087 daAuts
     D:3: 35 daAuts
